 Dungeon Crawl Stone Soup version 0.29-a0-321-gf1c400731a (webtiles) character file.

Game seed: 7133248107268804275

102246 sokol815 the Slicer (level 15, -2/128 HPs)
             Began as a Demigod Fighter on Apr 3, 2022.
             Slain by a six-headed hydra (7 damage)
             ... on level 15 of the Dungeon.
             The game lasted 02:03:54 (31324 turns).

sokol815 the Slicer (Demigod Fighter)              Turns: 31324, Time: 02:03:54

Health: -2/128     AC: 18    Str: 17    XL:     15   Next: 39%
Magic:  9/9        EV: 15    Int: 30    God:
Gold:   1515       SH: 11    Dex: 13    Spells: 5/14 levels left

rFire   + . .      SeeInvis +   b - +5 short sword (freeze)
rCold   + + .      Faith    .   f - +1 buckler {AC+3}
rNeg    . . .      Spirit   .   x - +3 troll leather armour
rPois   .          Reflect  +   T - +2 helmet {SInv}
rElec   .          Harm     .   (no cloak)
rCorr   .          Rampage  .   O - +0 pair of gloves
Will    +....      Rnd*Tele +   W - +0 pair of boots
Stlth   +++.......              l - amulet of Bomuge {Reflect rC++ MP-9 SH+5}
HPRegen 1.11/turn               I - ring "Mityuth" {+Blink Slay+6 SInv}
MPRegen 0.11/turn               F - ring of protection from fire {rF+, !d}

@: no status effects
A: high MP 1, forlorn, divine attributes, teleportitis 1
a: Evoke Blink


You were on level 15 of the Dungeon.
You visited 3 branches of the dungeon, and saw 23 of its levels.
You also visited: Bailey.

You collected 3141 gold pieces.
You spent 1626 gold pieces at shops.

Inventory:

Hand Weapons
 a - a +3 short sword of electrocution
   (You took it off a kobold on level 2 of the Dungeon)
 b - a +5 short sword of freezing (weapon)
   (You took it off a wight on level 10 of the Dungeon)
 c - the +7 dagger of the Hawk {vorpal, +Blink}
   (You found it on level 5 of the Lair of Beasts)

   It inflicts extra damage upon your enemies.
   +Blink:    It lets you blink.
 g - a +3 hand crossbow of flaming
   (You took it off a kobold on level 4 of the Dungeon)
 m - the +3 spear "Tuapnin" {freeze, rElec rF+ rC+ rN+}
   (You found it on level 2 of the Dungeon)

   It freezes those it strikes, dealing additional cold damage.
   It can also slow down cold-blooded creatures.
   rF:        It protects you from fire.
   rC:        It protects you from cold.
   rElec:     It insulates you from electricity.
   rN:        It protects you from negative energy.
 y - a +5 spectral scimitar
   (You took it off a wight on level 8 of the Dungeon)
 E - a +2 vorpal war axe
   (You took it off an orc priest on level 8 of the Dungeon)
 R - a +2 vampiric scimitar
   (You took it off Urug on level 11 of the Dungeon)
Missiles
 o - 22 poisoned darts
 s - 688 stones (quivered)
 v - 13 boomerangs
 C - 5 curare-tipped darts
 H - 4 boomerangs of dispersal {=f}
 Q - 4 throwing nets {!d}
 X - 6 javelins
Armour
 f - a +1 buckler of protection (worn)
   (You found it on level 12 of the Dungeon)
 x - a +3 troll leather armour (worn)
   (You found it on level 11 of the Dungeon)
 z - a +0 kite shield of protection
   (You took it off a tengu warrior on level 14 of the Dungeon)
 O - a +0 pair of gloves (worn)
   (You found it on level 11 of the Dungeon)
 T - a +2 helmet of see invisible (worn)
   (You found it on level 6 of the Dungeon)
 W - a +0 pair of boots (worn)
   (You found it on level 2 of the Lair of Beasts)
Jewellery
 j - an amulet of reflection
   (You found it on level 14 of the Dungeon)
 l - the amulet of Bomuge (around neck) {Reflect rC++ MP-9 SH+5}
   (You found it in a bailey)

   [amulet of reflection]

   It reflects blocked missile attacks.
   rC:        It greatly protects you from cold.
   MP:        It affects your magic capacity (-9).
   SH:        It affects your SH (+5).
 n - the ring "Riyr" {rElec Will+++ rCorr EV+4}
   (You acquired it in a bailey)

   [ring of evasion]

   EV:        It affects your evasion (+4).
   rElec:     It insulates you from electricity.
   rCorr:     It protects you from acid and corrosion.
   Will:      It greatly increases your willpower.
 u - an amulet of regeneration
   (You found it on level 4 of the Dungeon)
 F - a ring of protection from fire (right hand) {rF+, !d}
   (You found it on level 13 of the Dungeon)
 I - the ring "Mityuth" (left hand) {+Blink Slay+6 SInv}
   (You bought it in a shop on level 2 of the Orcish Mines)

   [ring of see invisible]

   Slay:      It affects your accuracy & damage with ranged weapons and melee
   (+6).
   SInv:      It lets you see invisible.
   +Blink:    It lets you blink.
 P - a ring of poison resistance {rPois, !d}
   (You bought it in a shop on level 2 of the Orcish Mines)
 Z - the ring "Gywih" {Fly rN+ Str+4}
   (You found it on level 6 of the Lair of Beasts)

   [ring of flight]

   Str:       It affects your strength (+4).
   rN:        It protects you from negative energy.
   Fly:       It grants you flight.
Wands
 d - a wand of digging (7)
   (You found it on level 12 of the Dungeon)
 h - a wand of acid (4)
   (You took it off a human on level 13 of the Dungeon)
 i - a wand of iceblast (11)
   (You found it on level 5 of the Lair of Beasts)
 p - a wand of paralysis (11)
   (You found it on level 3 of the Dungeon)
 q - a wand of flame (33)
   (You took it off Ijyb on level 4 of the Dungeon)
Scrolls
 k - 8 scrolls of amnesia
 w - 3 scrolls of torment {!r}
 A - 5 scrolls of fog
 D - a scroll of blinking {!r}
 K - 3 scrolls of immolation {!r}
 V - 10 scrolls of identify {@r1}
 Y - 7 scrolls of teleportation {@r3}
Potions
 e - 2 potions of magic
 r - 8 potions of attraction {!q}
 t - 3 potions of cancellation
 B - 5 potions of brilliance
 G - a potion of ambrosia {!q}
 J - 16 potions of curing {@q1}
 L - 6 potions of flight
 M - a potion of might
 N - a potion of heal wounds {@q2}
 U - 3 potions of mutation {!q}


   Skills:
 - Level 10.5 Fighting
 - Level 12.0 Short Blades
 - Level 5.9 Axes
 + Level 9.6 Throwing
 - Level 10.6 Armour
 - Level 10.2 Dodging
 + Level 6.4 Stealth
 - Level 4.0 Shields
 * Level 10.7 Translocations


You had 5 spell levels left.
You knew the following spells:

 Your Spells              Type           Power      Damage    Failure   Level
a - Manifold Assault      Tloc           59%        N/A       4%          5
b - Passage of Golubria   Tloc           59%        N/A       1%          4

Your spell library contained the following spells:

 Spells                   Type           Power      Damage    Failure   Level
 Apportation              Tloc           100%       N/A       1%          1
 Blink                    Tloc           100%       N/A       1%          2
 Sandblast                Erth           0%         2d4       14%         1
 Corpse Rot               Necr/Air       0%         N/A       22%         2
 Passwall                 Tmut/Erth      0%         N/A       22%         2
 Poisonous Vapours        Pois/Air       0%         N/A       22%         2
 Static Discharge         Conj/Air       0%         N/A       22%         2
 Sublimation of Blood     Necr           0%         N/A       22%         2
 Wereblood                Tmut           0%         N/A       22%         2
 Dazzling Flash           Conj/Hex       0%         N/A       41%         3
 Ozocubu's Armour         Ice            0%         N/A       41%         3
 Stone Arrow              Conj/Erth      0%         3d7       41%         3
 Dispel Undead            Necr           0%         3d6       82%         4
 Sticky Flame             Conj/Fire      0%         2d3       82%         4
 Agony                    Necr           0%         N/A       99%         5
 Alistair's Intoxication  Tmut/Pois      0%         N/A       99%         5
 Metabolic Englaciation   Hex/Ice        0%         N/A       99%         5
 Silence                  Hex/Air        0%         N/A       99%         5
 Simulacrum               Ice/Necr       0%         N/A       100%        6
 Storm Form               Tmut/Air       0%         N/A       100%        7
 Summon Hydra             Summ           0%         N/A       100%        7
 Lehudib's Crystal Spear  Conj/Erth      0%         10d2      100%        8


Dungeon Overview and Level Annotations

Branches:
Dungeon (15/15)            Temple (0/1) D:5            Lair (6/6) D:11
 Shoals (0/4) Lair:3        Snake (0/4) Lair:3        Slime (0/5) Lair:5
    Orc (2/2) D:11            Elf (0/3) Orc:2        Vaults (0/5) D:13
 Bailey (visited)
 Depths: D:15

Shops:
D:1 !   D:2 *   D:5 *   Orc:1 :   Orc:2 =[:!

Annotations:
D:4 1 runed translucent door, Crazy Yiuf
D:10 6 runed translucent doors
Lair:3 2 transporters, Rupert


Innate Abilities, Weirdness & Mutations

You have an increased reservoir of magic. (+10% MP)
You shall have no god before yourself.
Your divine heritage dramatically boosts your attributes as you level up.
You are occasionally teleported next to monsters.


Message History

You hit the manticore. You barely miss the manticore.
The manticore closely misses you. The manticore claws you!
The manticore barely misses you.
A fire dragon comes into view.
You take 6 damage, and have 107/128 hp.
You barely miss the manticore.
The fire dragon roars deafeningly!
You puncture the manticore!
Lightning courses through the manticore!
You kill the manticore!
You swing at nothing.
You swing at nothing.
You're wearing all the rings you can.
Remove which one? (? for menu, Esc to cancel) < or
I - the ring "Mityuth" {+Blink Slay+6 SInv} > or
n - the ring "Riyr" {rElec Will+++ rCorr EV+4} You remove the ring "Riyr" {rElec Will+++ rCorr EV+4}.
F - a ring of protection from fire (right hand) {rF+, !d} Your +3 short sword of electrocution stops crackling.
You are now empty-handed.
Your +5 short sword of freezing glows with a cold blue light!
b - a +5 short sword of freezing (weapon)
The fire dragon breathes flames at you. The blast of flame hits you.
You resist.
You hear a roar!
You take 6 damage, and have 105/128 hp.
The fire dragon breathes flames at you. The blast of flame hits you!
You resist.
You take 11 damage, and have 95/128 hp.
You closely miss the fire dragon. You barely miss the fire dragon.
The fire dragon bites you.
The fire dragon claws you but does no damage.
The fire dragon completely misses you.
You take 4 damage, and have 91/128 hp.
You barely miss the fire dragon. You hit the fire dragon.
You freeze the fire dragon. The fire dragon bites you!
The fire dragon misses you. You block the fire dragon's attack.
You take 11 damage, and have 80/128 hp.
You hit the fire dragon. You freeze the fire dragon.
You barely miss the fire dragon. The fire dragon breathes flames at you.
The blast of flame hits you! You resist.
You take 11 damage, and have 69/128 hp.
You hit the fire dragon. You freeze the fire dragon.
You hit the fire dragon but do no damage.
A six-headed hydra comes into view.
The fire dragon breathes flames at you. The blast of flame hits you!!
You resist.
You take 25 damage, and have 45/128 hp.
You puncture the fire dragon! You freeze the fire dragon.
You hit the fire dragon. You freeze the fire dragon. The fire dragon bites you!
* * * LOW HITPOINT WARNING * * *
The fire dragon claws you but does no damage.
The fire dragon closely misses you.
You take 8 damage, and have 38/128 hp.
You hit the fire dragon but do no damage.
You hit the fire dragon but do no damage.
You block the fire dragon's attack. The fire dragon claws you.
* * * LOW HITPOINT WARNING * * *
You block the fire dragon's attack.
You take 2 damage, and have 37/128 hp.
You puncture the fire dragon! You freeze the fire dragon.
You hit the fire dragon but do no damage.
The fire dragon closely misses you. x2; You block the fire dragon's attack.
You hit the fire dragon but do no damage.
The fire dragon bites you but does no damage.
The fire dragon claws you.
* * * LOW HITPOINT WARNING * * *
You block the fire dragon's attack.
You take 5 damage, and have 34/128 hp.
You completely miss the fire dragon.
You hit the fire dragon but do no damage.
The fire dragon barely misses you. The fire dragon misses you.
The fire dragon barely misses you.
You hit the fire dragon. You freeze the fire dragon. You hit the fire dragon.
You freeze the fire dragon.
You block the fire dragon's attack. x2; The fire dragon closely misses you.
You hit the fire dragon. You freeze the fire dragon.
Okay, then.
As you read the scroll of summoning, it crumbles to dust.
Wisps of shadow whirl around you... The fire dragon breathes flames at you.
The blast of flame hits you!! You resist.
* * * LOW HITPOINT WARNING * * *
The blast of flame hits your deep elf pyromancer!!
The six-headed hydra bites you but does no damage. x2
The six-headed hydra closely misses you.
You block the six-headed hydra's attack.
The six-headed hydra completely misses you.
The six-headed hydra bites you but does no damage.
You take 28 damage, and have 9/128 hp.
MASSIVE DAMAGE!!
You swap places.
The six-headed hydra attacks as you move away!
The six-headed hydra bites you.
* * * LOW HITPOINT WARNING * * *
The six-headed hydra bites you.
* * * LOW HITPOINT WARNING * * *
The six-headed hydra bites you!
You die...

##:.# .(..# ..
###...# ... #.....#
.... ##z..z.## #....
#......z## #.....
#.z......#######....
#.e@D..........#
##e.D..........###
#........#<.....#
##.#.......####.....#
#...[.....## .###<..
#...........# l# ..
##.####../......# .
#. ...........# ##
............


You could see a fire dragon (catching breath, ally target), a six-headed hydra
(ally target), 5 friendly skeletal warriors and 2 friendly deep elf pyromancers.

Vanquished Creatures
  Jorgrun (Orc:1)
  Gastronok (D:11)
  An orc warlord (Bailey)
  Josephine (D:14)
  An ettin (Orc:2)
  2 vault guards (D:13)
  Fannar (Orc:1)
  A boulder beetle (Lair:4)
  An ice dragon (Lair:4)
  8 hydras
  4 centaur warriors
  2 catoblepae
  2 alligators (Lair:5)
  6 two-headed ogres
  A death knight (D:12)
  A tengu warrior (D:14)
  6 death yaks (Lair:6)
  An orc high priest (Orc:1)
  15 spriggans (Lair:6)
  Urug (D:11)
  Nergalle (D:11)
  2 skeletal warriors (D:12)
  Lodul (D:11)
  A swamp dragon (Lair:5)
  2 deep elf pyromancers (D:14)
  2 wizards (D:13)
  3 necromancers (D:13)
  9 orc knights
  3 orc sorcerers
  A manticore (D:15)
  4 ugly things
  11 elephants
  3 cyclopes
  4 black mambas
  A torpor snail (Lair:2)
  Maggie (D:6)
  11 cane toads
  2 gargoyles
  An unseen horror (D:11)
  A rime drake (Lair:2)
  8 komodo dragons
  A yaktaur (D:14)
  2 tengu conjurers (D:14)
  2 freezing wraiths
  3 polar bears
  3 meliai (D:13)
  9 trolls
  18 blink frogs
  Prince Ribbit (D:6)
  Grinder (D:4)
  7 hornets
  13 slime creatures
  6 dream sheep
  Sigmund (D:2)
  5 shadows
  9 wraiths
  5 wyverns
  47 yaks
  17 humans (D:13)
  5 basilisks
  Eustachio (D:4)
  3 redbacks (D:10)
  A steam dragon (D:10)
  13 vampire mosquitoes
  7 wargs
  8 swamp worms (Lair:5)
  A two-headed ogre zombie (D:11)
  An acid dragon (D:11)
  15 water moccasins
  A sky beast (D:6)
  2 ice beasts
  44 orc warriors
  8 black bears
  4 boggarts (Lair:6)
  11 ogres
  24 wolves
  16 centaurs
  A phantom (D:11)
  2 kobold brigands
  24 bullfrogs
  A necrophage (D:7)
  5 scorpions
  3 gnoll sergeants
  15 wights
  2 troll zombies (D:11)
  21 killer bees
  2 howler monkeys
  An electric eel (Lair:3)
  5 hounds
  14 orc priests
  2 gnoll shamans
  Jessica (D:2)
  Ijyb (D:4)
  Terence (D:3)
  3 iguanas
  21 orc wizards
  3 hell rats (Lair:3)
  5 ogre zombies (D:11)
  Robin (D:2)
  26 gnolls
  6 river rats (Lair:3)
  7 adders
  5 white imps
  An ufetubus (D:7)
  3 dart slugs
  91 orcs
  A bat (D:1)
  7 endoplasms
  2 giant cockroaches
  13 hobgoblins
  3 jackals (D:1)
  4 quokkas
  5 ball pythons
  3 frilled lizards
  12 goblins
  3 goblin skeletons (D:11)
  4 goblin zombies (D:11)
  A hobgoblin skeleton (D:11)
  3 hobgoblin zombies (D:11)
  49 kobolds
  5 orc skeletons (D:11)
  9 orc zombies (D:11)
  11 rats
852 creatures vanquished.

Vanquished Creatures (collateral kills)
  2 killer bees (D:9)
2 creatures vanquished.

Vanquished Creatures (others)
  Sonja (Lair:5)
  A killer bee (D:9)
  A jelly (D:6)
  A gnoll shaman (D:6)
  3 gnolls (D:6)
  31 fungi
  103 plants
141 creatures vanquished.

Grand Total: 995 creatures vanquished

Notes
Turn   | Place    | Note
-------+----------+-------------------------------------------
     0 | D:1      | sokol815 the Demigod Fighter began the quest for the Orb.
     0 | D:1      | Reached XP level 1. HP: 18/18 MP: 3/3
    57 | D:1      | Reached skill level 2 in Axes
   267 | D:1      | Reached XP level 2. HP: 23/25 MP: 4/4
   685 | D:1      | Reached skill level 3 in Axes
   804 | D:1      | Found Ummeqat's Distillery.
   830 | D:1      | Upgraded the game from 0.29-a0-320-g9f8742066b to
                  | 0.29-a0-321-gf1c400731a
   878 | D:1      | Bought a potion of degeneration for 13 gold pieces
  1169 | D:2      | Reached XP level 3. HP: 30/30 MP: 5/5
  1263 | D:2      | Noticed Sigmund
  1269 | D:2      | Killed Sigmund
  1270 | D:2      | Reached skill level 5 in Axes
  1270 | D:2      | Reached XP level 4. HP: 21/37 MP: 6/6
  1270 | D:2      | Reached XP level 5. HP: 24/42 MP: 7/7
  1512 | D:2      | Noticed Jessica
  1521 | D:2      | Noticed Robin
  1524 | D:2      | Killed Jessica
  1536 | D:2      | Killed Robin
  1749 | D:2      | Found Leufryg's General Store.
  1773 | D:2      | Bought a scroll of identify for 24 gold pieces
  2048 | D:2      | Identified the +3 spear "Tuapnin" {freeze, rElec rF+ rC+
                  | rN+}
  2324 | D:3      | Reached skill level 1 in Short Blades
  2324 | D:3      | Reached XP level 6. HP: 30/50 MP: 8/8
  2839 | D:3      | Reached skill level 2 in Short Blades
  3037 | D:3      | Noticed Terence
  3047 | D:3      | Killed Terence
  3577 | D:4      | Reached skill level 3 in Short Blades
  3787 | D:4      | Reached skill level 4 in Short Blades
  3787 | D:4      | Reached XP level 7. HP: 33/56 MP: 9/9
  3859 | D:4      | Noticed Eustachio
  3889 | D:4      | Killed Eustachio
  3890 | D:4      | Reached skill level 5 in Short Blades
  4384 | D:4      | Noticed Ijyb
  4394 | D:4      | Killed Ijyb
  4681 | D:4      | Noticed Grinder
  4711 | D:4      | Killed Grinder
  4712 | D:4      | Reached skill level 6 in Short Blades
  5032 | D:4      | Found a runed translucent door.
  5033 | D:4      | Noticed Crazy Yiuf
  5192 | D:5      | Entered Level 5 of the Dungeon
  5283 | D:5      | Found Liechab's General Store.
  5513 | D:5      | Reached XP level 8. HP: 55/62 MP: 10/10
  5531 | D:5      | Reached skill level 7 in Short Blades
  6098 | D:5      | Found a staircase to the Ecumenical Temple.
  6130 | D:6      | Reached skill level 8 in Short Blades
  6359 | D:6      | Reached skill level 9 in Short Blades
  6514 | D:6      | Noticed Prince Ribbit
  6579 | D:6      | Noticed Maggie
  6590 | D:6      | Killed Maggie
  6591 | D:6      | Reached XP level 9. HP: 68/68 MP: 11/11
  6618 | D:6      | Killed Prince Ribbit
  6619 | D:6      | Reached skill level 10 in Short Blades
  7161 | D:7      | HP: 12/68 [poisoned by a killer bee]
  7161 | D:7      | HP: 4/68 [killer bee (8)]
  7168 | D:7      | HP: 14/68 [killer bee (4)]
  7173 | D:7      | HP: 7/68 [poisoned by a killer bee]
  7178 | D:7      | HP: 7/68 [poisoned by a killer bee]
  7317 | D:7      | Reached skill level 11 in Short Blades
  8522 | D:8      | HP: 17/68 [orc/+0 short sword (5)]
  8957 | D:8      | Reached skill level 12 in Short Blades
  9212 | D:8      | HP: 16/68 [poisoned by a hornet]
  9213 | D:8      | HP: 7/68 [poisoned by a hornet]
  9214 | D:8      | Reached skill level 3 in Fighting
  9214 | D:8      | Reached skill level 3 in Armour
  9214 | D:8      | Reached skill level 1 in Dodging
  9310 | D:8      | Reached XP level 10. HP: 59/77 MP: 13/13
  9325 | D:8      | Reached skill level 2 in Dodging
  9507 | D:9      | Reached skill level 4 in Fighting
  9507 | D:9      | Reached skill level 4 in Armour
  9795 | D:9      | Reached skill level 3 in Dodging
 10152 | D:9      | Reached skill level 5 in Fighting
 10152 | D:9      | Reached skill level 5 in Armour
 10152 | D:9      | Reached skill level 4 in Dodging
 10517 | D:10     | Entered Level 10 of the Dungeon
 10751 | D:10     | Found a flagged portal.
 10769 | Bailey   | Entered a bailey
 10774 | Bailey   | Noticed an orc warlord
 10901 | Bailey   | Found a runed translucent gate.
 10902 | Bailey   | Found a runed translucent gate.
 10904 | Bailey   | Found a runed translucent gate.
 10904 | Bailey   | Noticed an orc knight
 10948 | Bailey   | Killed an orc knight
 11058 | Bailey   | Killed an orc warlord
 11059 | Bailey   | Reached skill level 5 in Dodging
 11100 | Bailey   | Identified the amulet of Bomuge {Reflect rC++ MP-9 SH+5}
 11102 | Bailey   | Acquired the ring "Riyr" {rElec Will+++ rCorr EV+4}
 11330 | D:10     | Found a runed translucent door.
 11467 | D:10     | Reached XP level 11. HP: 89/89 MP: 5/14
 11488 | D:10     | Reached skill level 6 in Fighting
 11488 | D:10     | Reached skill level 6 in Armour
 11914 | D:10     | Found a runed translucent gate.
 11914 | D:10     | Found a runed translucent gate.
 11914 | D:10     | Found a runed translucent gate.
 11914 | D:10     | Found a runed translucent gate.
 11914 | D:10     | Found a runed translucent gate.
 11914 | D:10     | Found a runed translucent gate.
 11914 | D:10     | Noticed a lindwurm
 11914 | D:10     | Noticed a boulder beetle
 12034 | D:11     | Found a staircase to the Orcish Mines.
 12602 | D:11     | Found a staircase to the Lair.
 12665 | D:11     | Reached skill level 6 in Dodging
 12697 | D:11     | Noticed Nergalle
 12720 | D:11     | Killed Nergalle
 12721 | D:11     | HP: 22/91 [troll (13)]
 12883 | D:11     | Reached skill level 7 in Fighting
 13091 | D:11     | Reached skill level 7 in Armour
 13390 | D:11     | Noticed Gastronok
 13507 | D:11     | Noticed a six-headed hydra
 13528 | D:11     | Killed a six-headed hydra
 13634 | D:11     | HP: 15/92 [troll (15)]
 13636 | D:11     | Reached skill level 7 in Dodging
 13779 | D:11     | Noticed Urug
 13813 | D:11     | HP: 20/92 [Urug/+2 vampiric scimitar (11)]
 13820 | D:11     | Killed Urug
 13980 | D:11     | Noticed a two-headed ogre
 13982 | D:11     | Noticed a two-headed ogre
 13990 | D:11     | Killed a two-headed ogre
 13997 | D:11     | HP: 13/94 [two-headed ogre/+0 giant club (27)]
 13998 | D:11     | Killed a two-headed ogre
 14036 | D:11     | Noticed a two-headed ogre
 14036 | D:11     | Noticed a two-headed ogre
 14159 | D:11     | Noticed Lodul
 14244 | D:10     | Killed a two-headed ogre
 14245 | D:10     | Reached skill level 8 in Fighting
 14245 | D:10     | Reached skill level 8 in Armour
 14288 | D:11     | Killed Lodul
 14293 | D:11     | Noticed a two-headed ogre
 14304 | D:11     | Killed a two-headed ogre
 14305 | D:11     | Reached XP level 12. HP: 83/102 MP: 15/15
 14314 | D:11     | Killed a two-headed ogre
 14338 | D:11     | Noticed a two-headed ogre
 14350 | D:11     | Killed a two-headed ogre
 14409 | Lair:1   | Entered Level 1 of the Lair of Beasts
 14471 | Lair:1   | Reached skill level 8 in Dodging
 15220 | Lair:2   | Noticed a seven-headed hydra
 15235 | Lair:2   | Killed a seven-headed hydra
 15236 | Lair:2   | Reached skill level 9 in Fighting
 15236 | Lair:2   | Reached skill level 9 in Armour
 15912 | Lair:2   | Noticed a catoblepas
 15943 | Lair:2   | HP: 25/104 [catoblepas (27)]
 15946 | Lair:2   | Killed a catoblepas
 15947 | Lair:2   | Reached skill level 3 in Shields
 16395 | Lair:3   | Reached skill level 9 in Dodging
 16430 | Lair:3   | Noticed a catoblepas
 16441 | Lair:3   | Found a staircase to the Snake Pit.
 16457 | Lair:2   | Reached skill level 4 in Shields
 16674 | Lair:3   | Found a staircase to the Shoals.
 16788 | Lair:3   | Killed a catoblepas
 16939 | Lair:3   | Found a transporter.
 16939 | Lair:3   | Noticed a boulder beetle
 16940 | Lair:3   | Found a transporter.
 16940 | Lair:3   | Noticed a boulder beetle
 17135 | Lair:3   | Noticed Rupert
 17817 | Lair:4   | Reached XP level 13. HP: 113/113 MP: 7/16
 17885 | Lair:4   | Reached skill level 1 in Throwing
 18009 | Lair:4   | Reached skill level 10 in Armour
 18091 | Lair:4   | Reached skill level 2 in Throwing
 18191 | Lair:4   | Reached skill level 10 in Fighting
 18434 | Lair:4   | Reached skill level 3 in Throwing
 19107 | Orc:1    | Entered Level 1 of the Orcish Mines
 19107 | Orc:1    | Noticed Fannar
 19146 | Orc:1    | Killed Fannar
 19147 | Orc:1    | Reached skill level 4 in Throwing
 19158 | Orc:1    | Gained mutation: You are occasionally teleported next to
                  | monsters. [a neqoxec]
 19208 | Orc:1    | Reached skill level 10 in Dodging
 19215 | Orc:1    | HP: 27/114 [troll[an orc knight] (8)]
 19220 | Orc:1    | HP: 26/114 [orc warrior/+0 halberd[an orc high priest] (3)]
 19462 | Orc:2    | Entered Level 2 of the Orcish Mines
 19799 | Orc:2    | HP: 23/114 [orc warrior/bolt (12)]
 19899 | Orc:1    | Reached skill level 5 in Throwing
 19951 | Orc:1    | Found Eneann's Book Emporium.
 20083 | Orc:1    | Bought an Inescapable Atlas for 476 gold pieces
 20089 | Orc:1    | Learned a level 5 spell: Manifold Assault
 20243 | Orc:1    | Noticed an orc warlord
 20337 | Orc:1    | You fall into a shaft and drop 1 floor!
 20584 | Orc:1    | Reached skill level 1 in Translocations
 21183 | Orc:2    | Found Veffel's Armour Boutique.
 21183 | Orc:2    | Found Kyok Hue's Book Emporium.
 21185 | Orc:2    | Found Linolua's Distillery.
 21187 | Orc:2    | Found Moliy's Jewellery Shop.
 21198 | Orc:2    | Bought the ring "Mityuth" {+Blink Slay+6 SInv} for 813 gold
                  | pieces
 21202 | Orc:2    | Bought a ring of poison resistance for 300 gold pieces
 21237 | Orc:2    | Reached skill level 2 in Translocations
 21383 | Orc:2    | Noticed Jorgrun
 21514 | Orc:1    | Reached skill level 6 in Throwing
 21551 | Orc:1    | Killed Jorgrun
 21552 | Orc:1    | Reached skill level 3 in Translocations
 21749 | Orc:2    | Found a staircase to the Elven Halls.
 22457 | Orc:1    | Reached skill level 4 in Translocations
 22498 | Orc:2    | HP: 20/109 [orc warlord/+2 great mace of holy wrath (29)]
 22689 | D:11     | HP: 24/109 [Gastronok (26)]
 22690 | D:11     | Killed Gastronok
 22691 | D:11     | Reached XP level 14. HP: 27/121 MP: 8/17
 23387 | Lair:5   | Noticed Sonja
 23398 | Lair:5   | Killed Sonja
 23412 | Lair:5   | Identified the +7 dagger of the Hawk {vorpal, +Blink}
 23459 | Lair:5   | Reached skill level 5 in Translocations
 23468 | Lair:5   | Reached skill level 7 in Throwing
 23614 | Lair:5   | Learned a level 4 spell: Passage of Golubria
 24009 | Lair:5   | Reached skill level 6 in Translocations
 24242 | Lair:5   | Found a staircase to the Slime Pits.
 24735 | Lair:6   | Entered Level 6 of the Lair of Beasts
 24813 | Lair:6   | Reached skill level 7 in Translocations
 24829 | Lair:6   | Reached skill level 1 in Stealth
 25101 | Lair:6   | Reached skill level 2 in Stealth
 25238 | Lair:6   | Reached skill level 8 in Throwing
 25462 | Lair:6   | Reached skill level 3 in Stealth
 25706 | Lair:6   | Reached skill level 8 in Translocations
 26426 | Lair:6   | Identified the ring "Gywih" {Fly rN+ Str+4}
 26524 | Lair:5   | Reached skill level 4 in Stealth
 28123 | D:13     | Reached skill level 9 in Translocations
 28309 | D:13     | HP: 27/122 [very large slime creature (52)]
 28581 | D:13     | Reached XP level 15. HP: 127/128 MP: 9/18
 28597 | D:13     | Reached skill level 5 in Stealth
 28630 | D:13     | Found a gate to the Vaults.
 28668 | D:13     | Reached skill level 9 in Throwing
 29032 | D:13     | Identified the ring "Juotunwo" {Fly Will- Str+4 Int+2}
 29934 | D:14     | Reached skill level 10 in Translocations
 30518 | D:14     | Reached skill level 6 in Stealth
 30646 | D:14     | Noticed Josephine
 30670 | D:14     | Killed Josephine
 31253 | D:15     | Entered Level 15 of the Dungeon
 31323 | D:15     | HP: 9/128 [fire dragon/blast of flame (29)]
 31324 | D:15     | Slain by a six-headed hydra

Illustrated notes

Levels and vault maps discovered:
D:1:      spicycebolla_arrival_xxxplode, layout_basic, serial_shops, shop,
          chequers_ecumenical_altar_simple, amethyst_killhole
D:2:      layout_rooms, serial_shops, nicolae_shop_hallway_plus,
          nicolae_concentric_dashed_squares_mild, uniq_sigmund, uniq_robin,
          uniq_jessica
D:3:      layout_basic, uniq_terence
D:4:      kennysheep_kobold_camp, layout_basic, uniq_grinder, uniq_ijyb,
          uniq_crazy_yiuf_cottage, uniq_eustachio
D:5:      layout_basic, temple_hall, serial_shops, shop
D:6:      layout_rooms, kennysheep_little_box, lemuel_flame_loot_1, uniq_maggie,
          uniq_prince_ribbit1
D:7:      layout_layer_cave
D:8:      layout_loops_ring, okawaru_ov_weapons_minmay, moated_statue,
          minmay_fractal_squares_5
D:9:      layout_stronghold, lemuel_tele_altar
D:10:     gammafunk_indiana_jones, layout_irregular_city, marbit_many_paths,
          enter_bailey_6
D:11:     layout_grid_maze, erik_lair_orcish_takeover, zombieorc2_lemuel,
          tgw_xom, uniq_lodul, uniq_urug, uniq_gastronok, uniq_nergalle
D:12:     layout_basic, nicolae_elyvilon_peaceful_grove
D:13:     layout_loops_corners, grunt_vaults_entry_tiered
D:14:     layout_layer_cave, nicolae_ru_path_of_blood, uniq_josephine
D:15:     grunt_enter_depths_magical_seal, layout_cave_pools, special_room
          [special_room_orc], drop_trap, solitary_fountain
Lair:1:   layout_long_grid, lemuel_fruit_fields
Lair:2:   layout_cave_pods, grunt_forest_small_clearings,
          infiniplex_staircase_pool
Lair:3:   gammafunk_boulding_lane, layout_cave_shapes, elwin_shoals_entry_rooms,
          dummy_snake_entry, kennysheep_abandoned_house, uniq_rupert
Lair:4:   layout_regular_city, bobbens_ice_dragon_lair, grunt_megastairs_4
Lair:5:   onia_ninara_swampy_vault, layout_regular_city,
          dpeg_slime_entry_enclosed_altar, uniq_sonja
Lair:6:   minmay_lair_end_enchanted_forest, layout_hall_layers
Orc:1:    layout_caves, serial_shops, nicolae_shop_advertising_works
          [nicolae_subvault_shop_adworks], uniq_fannar
Orc:2:    st_orc_rangers, layout_diamond_mine, basic_altar, uniq_jorgrun

Skill      XL: |  1  2  3  4  5  6  7  8  9 10 11 12 13 14 15 |
---------------+----------------------------------------------+-----
Axes           | 2 3 5 |  5.9
Short Blades   | 1 4 6 9 12 | 12.0
Fighting       | 3 5 8 9 10 | 10.5
Armour         | 3 5 8 9 10 | 10.6
Dodging        | 1 5 7 9 10 | 10.2
Shields        | 4 |  4.0
Throwing       | 6 8 9 |  9.6
Translocations | 4 9 10 | 10.7
Stealth        | 4 6 |  6.4

Action                   |  1- 3 |  4- 6 |  7- 9 | 10-12 | 13-15 || total
-------------------------+-------+-------+-------+-------+-------++-------
Melee: War axe           |    67 |    48 |    33 |    96 |    22 ||   266
       Short sword       |       |    96 |   464 |  1101 |  2074 ||  3735
       Dagger            |       |       |       |       |    25 ||    25
Throw: Stone             |    49 |    57 |       |    12 |   497 ||   615
       Boomerang         |       |       |    29 |   161 |    91 ||   281
       Dart              |       |       |       |     3 |    60 ||    63
 Abil: Evoke Blink       |       |       |       |       |     3 ||     3
Evoke: Wand              |       |       |     6 |    13 |     8 ||    27
  Use: Scroll            |     6 |     6 |    11 |     8 |    12 ||    43
       Potion            |     1 |       |     5 |     6 |     2 ||    14
 Stab: Invisible         |       |       |       |     4 |    15 ||    19
       Petrified         |       |       |       |     2 |       ||     2
       Sleeping          |       |       |       |       |     3 ||     3
Armor: Scale mail        |    31 |    50 |   149 |    55 |       ||   285
       Swamp dragon scal |       |       |       |    49 |       ||    49
       Troll leather arm |       |       |       |    57 |   254 ||   311
Dodge: Dodged            |    36 |    61 |   132 |   502 |  1004 ||  1735
Block: Buckler           |    18 |    48 |   121 |   310 |   786 ||  1283
       Reflection        |       |       |       |     2 |   101 ||   103

Table legend: (Time is in decaauts)
 A = Elapsed time spent in this place.
 B = Non-inter-level travel time spent in this place.
 C = Inter-level travel time spent in this place.
 D = Time resting spent in this place.
 E = Time spent auto-exploring this place.
 F = Levels seen in this place.
 G = Mean time per level.
                   A        B        C        D        E       F      G
               +--------+--------+--------+--------+--------+-----+--------+
         Total |  29839 |  27917 |   1922 |   4584 |  15646 |  24 | 1243.3 |
       Dungeon |  18210 |  17471 |    739 |   3193 |  10471 |  15 | 1214.0 |
          Lair |   8106 |   7043 |   1063 |    618 |   3958 |   6 | 1351.0 |
  Orcish Mines |   3122 |   3003 |    119 |    715 |   1103 |   2 | 1561.0 |
        Bailey |    399 |    399 |      0 |     57 |    113 |   1 |  399.0 |
               +--------+--------+--------+--------+--------+-----+--------+

Top non-repeatable levels by time:
    D:11: 2708 daAuts
     D:4: 1743 daAuts
   Orc:2: 1679 daAuts
  Lair:4: 1637 daAuts
    D:13: 1602 daAuts
  Lair:6: 1558 daAuts
     D:7: 1541 daAuts
   Orc:1: 1443 daAuts
  Lair:5: 1417 daAuts
  Lair:3: 1353 daAuts
  Lair:2: 1350 daAuts
    D:14: 1304 daAuts
     D:2: 1297 daAuts
    D:10: 1122 daAuts
     D:1: 1108 daAuts

Table legend:
 A = Kills in this place as a percentage of kills in entire the game.
 B = Kills by you in this place as a percentage of kills by you in the entire game.
 C = Kills by friends in this place as a percentage of kills by friends in the entire game.
 D = Other kills in this place as a percentage of other kills in the entire game.
 E = Experience gained in this place as a percentage of experience gained in the entire game.
 F = Experience gained in this place divided by the number of levels of this place that you have seen.
                   A       B       C       D       E      F
               +-------+-------+-------+-------+-------+----------------------
         Total | 100.0 | 100.0 | 100.0 | 100.0 | 100.0 | 6086.1
       Dungeon |  52.6 |  52.6 | 100.0 |   0.0 |  43.4 | 4229.1
          Lair |  27.0 |  27.0 |   0.0 | 100.0 |  40.5 | 9853.5
  Orcish Mines |  17.5 |  17.6 |   0.0 |   0.0 |  14.7 | 10747.0
        Bailey |   2.8 |   2.8 |   0.0 |   0.0 |   1.4 | 2015.0
               +-------+-------+-------+-------+-------+----------------------
